 Dungeon Crawl Stone Soup version 0.25-a0-558-g78a2afb0af (console) character file.

Game seed: 15309442230455901841, levelgen mode: deterministic

3183 Kagalorn the Thaumaturge (level 9, -7/66 HPs)
             Began as a Gnoll Wizard on Feb 25, 2020.
             Was an Initiate of Ashenzari.
             Killed from afar by Dowan (23 damage)
             ... with a shard of ice
             ... on level 7 of the Dungeon.
             The game lasted 00:25:55 (7015 turns).

Kagalorn the Thaumaturge (Gnoll Wizard)             Turns: 7015, Time: 00:25:55

Health: -7/66      AC:  9    Str: 12    XL:     9   Next: 95%
Magic:  21/21      EV: 14    Int: 28    God:    Ashenzari [......]
Gold:   260        SH:  0    Dex: 14    Spells: 19/25 levels left

rFire    . . .     SeeInvis .   a - +2 war axe (vamp)
rCold    . . .     Gourm    .   (no shield)
rNeg     . . .     Faith    .   g - +0 ring mail {MR+} (curse)
rPois    .         Spirit   .   r - +0 helmet
rElec    .         Reflect  .   (no cloak)
rCorr    .         Harm     .   (no gloves)
MR       +....                  J - +1 pair of boots
Stlth    +++.......             v - amulet of magic regeneration (curse)
HPRegen  0.21/turn              c - +4 ring of intelligence
MPRegen  0.42/turn              I - +3 ring of strength

@: no status effects
A: distributed training, fangs 1, strong nose
a: Curse Item, Renounce Religion


You were on level 7 of the Dungeon.
You worshipped Ashenzari.
Ashenzari was noncommittal.
You were near starving.

You visited 2 branches of the dungeon, and saw 8 of its levels.

You collected 312 gold pieces.
You spent 52 gold pieces at shops.

Inventory:

Hand Weapons
 a - a +2 vampiric war axe (weapon)
 b - a +0 hunting sling
 w - a +2 short sword of flaming
Missiles
 e - 237 stones
 m - 31 sling bullets
 n - 72 bolts
 s - 84 arrows
 x - 4 javelins
 O - 16 poisoned darts (quivered)
Armour
 g - a cursed +0 ring mail of magic resistance (worn)
 r - a +0 helmet (worn)
 J - a +1 pair of boots (worn)
Jewellery
 c - a +4 ring of intelligence (left hand)
 v - a cursed amulet of magic regeneration (around neck)
 C - an uncursed ring of stealth
 I - a +3 ring of strength (right hand)
 R - an uncursed ring of flight
Wands
 p - a wand of polymorph (3)
 H - a wand of paralysis (11)
 Q - a wand of enslavement (9)
Scrolls
 f - a scroll of teleportation
 j - 8 scrolls of remove curse
 k - 2 scrolls of fog
 l - a scroll of enchant weapon {unknown}
 o - a scroll of random uselessness {unknown}
 q - 2 scrolls of enchant armour
 y - 2 scrolls of fear
 E - 4 scrolls of amnesia
 K - a scroll of magic mapping
 M - a scroll of vulnerability {unknown}
 P - a scroll of blinking {unknown}
Potions
 i - 2 potions of brilliance
 t - a potion of mutation {unknown}
 u - 3 potions of heal wounds
 z - 2 potions of curing
 A - a potion of magic {unknown}
 B - a potion of invisibility {unknown}
 D - a potion of flight {unknown}
 F - 2 potions of might
 G - a potion of haste
 L - a potion of ambrosia {unknown}
Comestibles
 d - 7 rations


   Skills:
 + Level 4.6 Fighting
 + Level 4.6 Short Blades
 + Level 4.6 Long Blades
 + Level 4.6 Axes
 + Level 4.6 Maces & Flails
 + Level 4.6 Polearms
 + Level 4.6 Staves
 + Level 4.6 Slings
 + Level 4.6 Bows
 + Level 4.6 Crossbows
 + Level 4.6 Throwing
 + Level 4.6 Armour
 + Level 6.6 Dodging
 + Level 6.3 Stealth
 + Level 4.6 Shields
 + Level 4.6 Unarmed Combat
 + Level 8.6 Spellcasting
 + Level 4.4 Conjurations
 + Level 3.8 Hexes
 + Level 3.8 Charms
 + Level 4.4 Summonings
 + Level 3.8 Necromancy
 + Level 4.4 Translocations
 + Level 3.8 Transmutations
 + Level 3.8 Fire Magic
 + Level 3.8 Ice Magic
 + Level 3.8 Air Magic
 + Level 3.8 Earth Magic
 + Level 3.8 Poison Magic
 + Level 5.1 Invocations
 + Level 4.6 Evocations


You had 19 spell levels left.
You knew the following spells:

 Your Spells              Type           Power        Failure   Level  Hunger
a - Magic Dart            Conj           ####         1%          1    None
c - Conjure Flame         Conj/Fire      #####...     5%          3    None
g - Blink                 Tloc           N/A          2%          2    None

Your spell library contained the following spells:

 Spells                   Type           Power        Failure   Level  Hunger
 Call Imp                 Summ           #####...     2%          2    None
 Slow                     Hex            ####....     3%          2    None
 Mephitic Cloud           Conj/Pois/Air  ####....     5%          3    None


Dungeon Overview and Level Annotations

Branches:
Dungeon (7/15)             Temple (1/1) D:5

Altars:
Ashenzari
Cheibriados
Dithmenos
Elyvilon
Fedhas
Gozag
Hepliaklqana
Kikubaaqudgha
Makhleb
Nemelex Xobeh
Okawaru
Qazlal
Ru
Sif Muna
Trog
Uskayaw
Vehumet
Wu Jian
Xom
Yredelemnul

Shops:
D:5 *

Annotations:
D:3 2 transporters, Menkaure
D:6 3 runed translucent doors, RedPan's ghost, novice GnWn
D:7 Dowan


Innate Abilities, Weirdness & Mutations

Your experience applies equally to all skills.
You have very sharp teeth.
Your uncanny sense of smell can sniff out nearby items.


Message History

Dowan hits you with a +1 dagger of freezing.
Dowan freezes you. The jackal closely misses you.
You closely miss Dowan. You hit the jackal. Dowan misses you.
The jackal barely misses you. Dowan hits you but does no damage.
You barely miss Dowan. You punch Dowan.
Dowan is lightly wounded.
You miss the jackal. The jackal barely misses you.
Dowan points at you and mumbles some strange words.
The stone arrow hits you. The jackal closely misses you. Dowan misses you.
Unknown command.
You barely miss Dowan.
Dowan is lightly wounded.
You closely miss the jackal.
The jackal bites you but does no damage.
Dowan gestures at you while chanting. The shard of ice hits you!
* * * LOW HITPOINT WARNING * * *
Dowan points at you and mumbles some strange words.
The shard of ice hits you!!
You die...

*#..,##..#*,,##.# #.#.#...#..#
*#.#*..##..**,..# ###.#.#..##..#
*#.##..#*.c#*,..# #...#........#
,#...#*,,*#e.*#.# #.#####..##.###
,#...#*,,*#5l##.# #.#####...>....
*#.###******#...###.....>..##.###
##.# #####...Z##.######.##.# ...#
#..#####e##.# #.##.### ####
##..##..#@#..######.##.... #
#####.##.#..#h#.........##.###
####....####.....################
.##......##......###....#..[.....
......#.......#.....>...#.#######
....####....####..#####.#.#......
....####....####..# #.#.#......
.....#.......#....# #.#.#......
.##......##......## #.#.#......


You could see Dowan, a jackal and a bullfrog skeleton.

Vanquished Creatures
  Pikel (D:5)
  A hungry ghost (D:7)
  Duvessa (D:7)
  4 orc warriors
  A black bear (D:6)
  An ice beast (D:6)
  2 phantoms
  A centaur (D:7)
  A big kobold (D:7)
  A bullfrog (D:7)
  A scorpion (D:5)
  6 killer bees (D:7)
  A howler monkey (D:6)
  3 crimson imps
  2 bullfrog zombies
  A centaur zombie (D:7)
  2 hounds (D:4)
  4 orc priests
  8 orc wizards
  A bullfrog skeleton (D:5)
  Jessica (D:2)
  2 iguanas
  Terence (D:2)
  4 worker ants
  A hound skeleton (D:4)
  12 adders
  3 gnolls (D:5)
  3 shadow imps
  6 oozes
  2 adder skeletons (D:6)
  2 worms
  3 leopard geckos
  23 orcs
  3 ball pythons
  2 giant cockroaches
  2 goblins
  6 jackals
  10 kobolds
  5 bats
  7 frilled lizards
  A quokka skeleton (D:4)
  10 rats
152 creatures vanquished.

Vanquished Creatures (others)
  A slave (D:5)
  A gnoll sergeant (D:5)
  A gnoll (D:5)
  3 fungi (D:6)
  A plant (D:6)
7 creatures vanquished.

Grand Total: 159 creatures vanquished

Notes
Turn   | Place    | Note
-------+----------+-------------------------------------------
     0 | D:1      | Kagalorn the Gnoll Wizard began the quest for the Orb.
     0 | D:1      | Reached XP level 1. HP: 13/13 MP: 8/8
   153 | D:1      | Reached XP level 2. HP: 20/20 MP: 3/10
   632 | D:2      | Reached XP level 3. HP: 25/25 MP: 3/11
   636 | D:2      | Learned a level 2 spell: Blink
   640 | D:2      | Learned a level 3 spell: Conjure Flame
   653 | D:2      | Reached skill level 1 in Invocations
   840 | D:2      | Reached skill level 1 in Fighting
   840 | D:2      | Reached skill level 1 in Short Blades
   840 | D:2      | Reached skill level 1 in Long Blades
   840 | D:2      | Reached skill level 1 in Axes
   840 | D:2      | Reached skill level 1 in Maces & Flails
   840 | D:2      | Reached skill level 1 in Polearms
   840 | D:2      | Reached skill level 1 in Staves
   840 | D:2      | Reached skill level 1 in Slings
   840 | D:2      | Reached skill level 1 in Bows
   840 | D:2      | Reached skill level 1 in Crossbows
   840 | D:2      | Reached skill level 1 in Throwing
   840 | D:2      | Reached skill level 1 in Armour
   840 | D:2      | Reached skill level 1 in Shields
   840 | D:2      | Reached skill level 1 in Unarmed Combat
   840 | D:2      | Reached skill level 1 in Evocations
   840 | D:2      | Reached XP level 4. HP: 27/32 MP: 3/13
   945 | D:2      | Noticed Jessica
   948 | D:2      | Killed Jessica
  1038 | D:2      | Reached skill level 1 in Hexes
  1038 | D:2      | Reached skill level 1 in Charms
  1038 | D:2      | Reached skill level 1 in Necromancy
  1038 | D:2      | Reached skill level 1 in Transmutations
  1038 | D:2      | Reached skill level 1 in Fire Magic
  1038 | D:2      | Reached skill level 1 in Ice Magic
  1038 | D:2      | Reached skill level 1 in Air Magic
  1038 | D:2      | Reached skill level 1 in Earth Magic
  1038 | D:2      | Reached skill level 1 in Poison Magic
  1110 | D:2      | Noticed Terence
  1257 | D:2      | Killed Terence
  1257 | D:2      | Reached XP level 5. HP: 18/37 MP: 1/14
  1346 | D:2      | Found a sparkling altar of Nemelex Xobeh.
  1432 | D:3      | Found a hide-covered altar of Uskayaw.
  1432 | D:3      | Noticed a +0 dagger
  1433 | D:3      | Noticed a +0 hand axe
  1917 | D:3      | Reached XP level 6. HP: 44/44 MP: 6/16
  1991 | D:3      | Found a bloodstained altar of Trog.
  1998 | D:3      | Found a transporter.
  1999 | D:3      | Noticed a phantom
  2001 | D:3      | Found a basalt altar of Yredelemnul.
  2003 | D:3      | Found a transporter.
  2035 | D:3      | Found an ancient bone altar of Kikubaaqudgha.
  2040 | D:3      | Noticed Menkaure
  2085 | D:3      | Found an ornate altar of the Wu Jian Council.
  2326 | D:4      | Reached skill level 5 in Dodging
  2622 | D:4      | Found a white marble altar of Elyvilon.
  2692 | D:4      | Found a shimmering altar of Xom.
  3014 | D:4      | Reached XP level 7. HP: 48/50 MP: 5/18
  3248 | D:5      | Entered Level 5 of the Dungeon
  3315 | D:5      | Found Jeurusuu's General Store.
  3488 | D:5      | Bought a scroll of amnesia for 52 gold pieces
  3626 | D:5      | Found a shattered altar of Ashenzari.
  3630 | D:5      | Became a worshipper of Ashenzari the Shackled
  3635 | D:5      | Found a staircase to the Ecumenical Temple.
  3659 | Temple   | Entered the Ecumenical Temple
  3927 | D:5      | Reached skill level 5 in Stealth
  4033 | D:5      | Noticed Pikel
  4045 | D:5      | Killed Pikel
  4045 | D:5      | Reached XP level 8. HP: 58/58 MP: 19/19
  4322 | D:6      | Reached skill level 8 in Spellcasting
  4493 | D:6      | Identified the cursed +2 whip of Excruciating Pain {elec,
                  | rF+ rC+ rN+ Stlth+}
  4499 | D:6      | Found a runed translucent gate.
  4499 | D:6      | Found a runed translucent gate.
  4499 | D:6      | Found a runed translucent gate.
  4499 | D:6      | Noticed RedPan's ghost (novice GnWn)
  4699 | D:6      | Reached XP level 9. HP: 35/65 MP: 6/21
  6176 | D:7      | Found an iron altar of Okawaru.
  6661 | D:7      | Found a shadowy altar of Dithmenos.
  6956 | D:7      | Noticed Dowan
  6965 | D:7      | Noticed Duvessa
  6977 | D:7      | Reached skill level 5 in Invocations
  7012 | D:7      | Killed Duvessa
  7015 | D:7      | Killed from afar by Dowan

Levels and vault maps discovered:
D:1:      ebering_trefoil_3fold, layout_basic, st_stairs_12
D:2:      layout_rooms, lemuel_coloured_pillars_altar, minmay_domino_4,
          uniq_terence, uniq_jessica
D:3:      layout_rooms, lemuel_doored_altar, dancing_weapons_uskayaw,
          bloody_trog, gammafunk_temple_of_torment, first_ration,
          hangedman_glass_teeth
D:4:      layout_basic, kennysheep_mini_moat, elyvilon_altar_4
D:5:      layout_rooms, ashenzari_altar_1, minmay_temple_entry_slanted,
          serial_shops, shop, uniq_pikel
D:6:      layout_loops_corners, gammafunk_ghost_nasty_kobolds
D:7:      wad_guarded_room, layout_loops_ring, overflow_temple_1_default,
          kennysheep_mini, serial_co_window_serial, co_window_corner_a,
          co_window_paths_b, co_window_of_opportunity_a,
          co_window_of_opportunity_a, co_window_paths_a, co_window_corner_a,
          co_window_corner_a, co_window_unsneaky_path_a, co_window_corner_b,
          co_window_corner_cb, co_window_4corner_a, uniq_duvessa
Temple:   jpeg_temple_island

Skill      XL: |  1  2  3  4  5  6  7  8  9 |
---------------+----------------------------+-----
Conjurations   | 2 3 4 |  4.4
Summonings     | 2 3 4 |  4.4
Translocations | 2 3 4 |  4.4
Invocations    | 1 2 3 4 5 |  5.1
Fighting       | 1 2 3 4 |  4.6
Short Blades   | 1 2 3 4 |  4.6
Long Blades    | 1 2 3 4 |  4.6
Axes           | 1 2 3 4 |  4.6
Maces & Flails | 1 2 3 4 |  4.6
Polearms       | 1 2 3 4 |  4.6
Staves         | 1 2 3 4 |  4.6
Slings         | 1 2 3 4 |  4.6
Bows           | 1 2 3 4 |  4.6
Crossbows      | 1 2 3 4 |  4.6
Throwing       | 1 2 3 4 |  4.6
Armour         | 1 2 3 4 |  4.6
Shields        | 1 2 3 4 |  4.6
Unarmed Combat | 1 2 3 4 |  4.6
Evocations     | 1 2 3 4 |  4.6
Hexes          | 1 2 3 |  3.8
Charms         | 1 2 3 |  3.8
Necromancy     | 1 2 3 |  3.8
Transmutations | 1 2 3 |  3.8
Fire Magic     | 1 2 3 |  3.8
Ice Magic      | 1 2 3 |  3.8
Air Magic      | 1 2 3 |  3.8
Earth Magic    | 1 2 3 |  3.8
Poison Magic   | 1 2 3 |  3.8
Dodging        | 5 6 |  6.6
Stealth        | 5 6 |  6.3
Spellcasting   | 8 |  8.6

Action                   |  1- 3 |  4- 6 |  7- 9 || total
-------------------------+-------+-------+-------++-------
Melee: Short sword       |       |    70 |    77 ||   147
       Bite              |       |     6 |    11 ||    17
       Punch             |       |     1 |     2 ||     3
       War axe           |       |       |   129 ||   129
 Fire: Hunting sling     |       |    35 |    11 ||    46
Throw: Stone             |     1 |     7 |       ||     8
       Dart              |       |       |     6 ||     6
 Cast: Magic Dart        |    46 |   171 |   307 ||   524
       Conjure Flame     |       |    11 |    18 ||    29
       Blink             |       |       |     7 ||     7
Invok: Curse Item        |       |       |     2 ||     2
Evoke: Wand              |       |       |     1 ||     1
  Use: Scroll            |       |       |    13 ||    13
       Potion            |       |       |     1 ||     1
 Stab: Paralysed         |       |       |     3 ||     3
       Sleeping          |       |       |     4 ||     4
  Eat: Chunk             |       |     6 |    12 ||    18
       Ration            |       |       |     1 ||     1
Armor: Robe              |     2 |       |       ||     2
       Ring mail         |       |    32 |    83 ||   115
       Skin              |       |       |    56 ||    56
Dodge: Dodged            |     5 |    86 |   199 ||   290

Table legend:
 A = Non-vault XP
 B = Vault XP
 C = Vault XP percentage of total XP
 D = Non-vault monster count
 E = Vault monster count
 F = Vault count percentage of total count
                 A         B        C        D         E       F
            +---------+---------+-------+---------+---------+-------
      Total |    3187 |    1361 |  29.9 |     140 |      13 |   8.5
            +---------+---------+-------+---------+---------+-------
        D:1 |      15 |       2 |  11.8 |       8 |       1 |  11.1
        D:2 |     152 |      77 |  33.6 |      20 |       5 |  20.0
        D:3 |      91 |       0 |   0.0 |      22 |       0 |   0.0
        D:4 |     311 |       0 |   0.0 |      17 |       0 |   0.0
        D:5 |     512 |     663 |  56.4 |      19 |       1 |   5.0
        D:6 |    1204 |       0 |   0.0 |      33 |       0 |   0.0
        D:7 |     902 |     619 |  40.7 |      21 |       6 |  22.2
            +---------+---------+-------+---------+---------+-------
